Map: Echo LE (Void)

Players

GhostDog - Winner!

  • Race: Zerg Zerg
  • League: Gold
  • Spawn Location: 5:00

Fropez

  • Race: Protoss Protoss
  • League: Gold
  • Spawn Location: 11:00

VOD

Have the link to the VOD?

Description

Time

  • Played on: Jan. 4, 2017, 7:13 p.m.
  • Length: 19:17
Show
View Real Time Build Order
Export as new Build Order

GhostDog Zerg - Winner!

Build Orders: Hatch First, Lurkers 

Get SALT Encoding   

  12  0:03  Drone  
  13  0:10  Drone  
  14  0:17  Overlord  
  14  0:36  Drone  
  15  0:47  Hatchery  
  14  0:55  Drone  
  14  0:56  Drone  
  16  1:12  Spawning Pool  
  16  1:14  Extractor, Drone  
  16  1:18  Drone  
  16  1:21  Drone  
  17  1:31  Overlord  
  17  1:54  Drone x2  
  17  2:00  Queen  
  17  2:01  Queen  
  23  2:14  Drone x2  
  25  2:16  Metabolic Boost  
  25  2:19  Zergling x4  
  27  2:27  Drone x2  
  29  2:33  Overlord  
  29  2:46  Queen  
  31  2:51  Zergling x4  
  31  2:52  Zergling x2  
  34  3:09  Drone x2  
  34  3:10  Drone x2  
  38  3:16  Overlord x2  
  38  3:20  Drone  
  38  3:27  Extractor, Drone x3  
  39  3:30  Drone x2  
  43  3:43  Drone x2  
  45  3:50  Evolution Chamber  
  45  3:51  Evolution Chamber  
  45  3:53  Drone  
  44  3:58  Spore Crawler  
  44  4:00  Drone x4  
  47  4:04  Spore Crawler  
  47  4:05  Drone  
  47  4:09  Pneumatized Carapace  
  47  4:32  Zergling x6  
  47  4:33  Zergling x4  
  47  4:35  Zerg Melee Weapons Level 1, Zerg Ground Armor Level 1  
  52  4:41  Drone x2  
  54  5:14  Hatchery  
  53  5:23  Drone x2  
  53  5:26  Extractor  
  54  5:28  Overlord  
  54  5:29  Extractor, Overlord x2  
  54  5:32  Lair  
  53  5:43  Drone  
  53  5:44  Drone x2  
  53  5:46  Drone x3  
  53  5:47  Overlord  
  59  6:19  Drone x3  
  59  6:20  Drone x3  
  59  6:23  Drone x4  
  69  6:33  Overlord x2  
  69  6:39  Zerg Ground Armor Level 2, Zerg Missile Weapons Level 1, Hydralisk Den  
  68  6:41  Queen  
  70  7:08  Overseer x2  
  70  7:11  Hydralisk, Muscular Augments  
  70  7:12  Hydralisk x11  
  94  7:17  Drone x3  
  94  7:21  Spore Crawler  
  96  7:47  Drone x5  
  96  7:48  Drone  
  102  8:22  Lurker Den  
  102  8:30  Extractor  
  102  8:33  Drone x3  
  104  8:34  Extractor  
  104  8:35  Drone x3  
  104  8:37  Hydralisk  
  104  8:38  Hydralisk x3  
  114  8:41  Overlord x3  
  114  8:42  Overlord x2  
  114  8:53  Spire  
  113  9:21  Zerg Missile Weapons Level 2  
  113  9:23  Hatchery  
  112  9:25  Hydralisk  
  112  9:26  Hydralisk x17  
  112  9:29  Overlord x3  
  148  10:06  Extractor  
  147  10:07  Extractor  
  147  10:08  Spine Crawler  
  147  10:09  Spore Crawler  
  147  10:12  Lurker  
  146  10:14  Lurker x5  
  146  10:15  Lurker  
  146  10:17  Zergling x18  
  146  10:18  Zergling x16  
  168  10:27  Zerg Flyer Armor Level 1  
  168  10:28  Infestation Pit  
  167  10:32  Drone  
  167  10:33  Drone x2  
  167  10:35  Drone x3  
  173  10:44  Zerg Melee Weapons Level 2  
  173  10:50  Drone x5  
  173  10:51  Drone x3  
  176  11:45  Drone  
  177  11:48  Hatchery  
  177  11:53  Overseer  
  176  12:06  Spine Crawler  
  175  12:11  Spine Crawler  
  175  12:12  Drone x2  
  176  12:22  Spore Crawler  
  175  12:25  Overlord x6  
  175  12:31  Hive  
  175  12:32  Zerg Flyer Armor Level 2  
  175  12:36  Corruptor  
  158  13:33  Zergling x2  
  158  13:34  Zergling x12  
  150  13:35  Zergling x14  
  150  13:36  Hydralisk x9, Zergling x6  
  150  13:37  Hydralisk x9  
  200  13:45  Zerg Ground Armor Level 3, Zerg Missile Weapons Level 3  
  200  13:46  Baneling Nest  
  189  14:12  Hatchery  
  188  14:23  Lurker x5  
  193  14:30  Centrifical Hooks  
  193  14:33  Zergling x14  
  200  14:43  Spore Crawler x2  
  200  14:45  Spine Crawler  
  197  14:46  Spine Crawler  
  197  14:47  Drone x3  
  142  15:23  Hydralisk x7  
  142  15:24  Hydralisk x3  
  142  15:25  Hydralisk x5  
  142  15:26  Zergling x2  
  142  15:27  Zergling x18  
  182  15:38  Drone x6  
  182  15:39  Drone x2  
  146  16:19  Hydralisk  
  146  16:20  Hydralisk x6  
  128  17:07  Ultralisk Cavern  
  125  17:14  Zergling x10  
  125  17:15  Zergling x14  
  135  17:16  Zergling x10  
  135  17:17  Hydralisk x2, Zergling x10  
  151  17:25  Drone  
  151  17:29  Extractor  
  151  17:40  Lurker x5  
  156  17:49  Extractor  
  155  17:57  Ultralisk x3  
  155  17:58  Ultralisk x4  
  197  18:12  Hydralisk  
  173  18:36  Hydralisk  
  173  18:37  Hydralisk x12  
  199  18:44  Overseer  
  199  18:45  Overseer x2  
Show
View Real Time Build Order
Export as new Build Order

Fropez Protoss 

Build Orders: 1 Gate Expand, Double Forge 

Get SALT Encoding   

  12  0:00  Probe (Chrono Boost)  
  13  0:11  Probe (Chrono Boost)  
  14  0:27  Pylon  
  14  0:29  Probe (Chrono Boost)  
  15  0:42  Assimilator  
  15  0:46  Probe (Chrono Boost)  
  16  0:57  Probe (Chrono Boost)  
  16  0:58  Gateway  
  17  1:12  Probe (Chrono Boost)  
  18  1:22  Probe (Chrono Boost)  
  19  1:40  Nexus  
  19  1:50  Cybernetics Core  
  19  1:53  Pylon  
  19  1:57  Probe (Chrono Boost)  
  20  2:05  Assimilator  
  20  2:07  Probe (Chrono Boost)  
  21  2:18  Probe (Chrono Boost)  
  22  2:25  Warp Gate  
  22  2:38  Adept  
  24  2:44  Gateway  
  24  2:48  Probe (Chrono Boost)  
  25  2:55  Mothership Core (Chrono Boost)  
  27  2:58  Probe (Chrono Boost)  
  28  3:06  Pylon  
  28  3:09  Probe (Chrono Boost)  
  29  3:13  Probe (Chrono Boost)  
  31  3:20  Probe (Chrono Boost)  
  31  3:21  Pylon  
  31  3:24  Probe (Chrono Boost)  
  32  3:28  Twilight Council  
  32  3:30  Probe (Chrono Boost)  
  32  3:31  Adept  
  35  3:34  Adept, Probe (Chrono Boost)  
  35  3:41  Probe (Chrono Boost)  
  39  3:52  Gateway  
  39  3:53  Probe (Chrono Boost)  
  39  3:54  Probe (Chrono Boost)  
  41  3:58  Assimilator  
  41  4:04  Probe (Chrono Boost)  
  41  4:06  Resonating Glaives  
  43  4:10  Probe (Chrono Boost)  
  43  4:16  Probe (Chrono Boost)  
  44  4:20  Pylon  
  44  4:23  Forge  
  44  4:25  Forge  
  44  4:27  Pylon  
  44  4:29  Probe (Chrono Boost)  
  45  4:32  Assimilator  
  45  4:34  Stalker  
  47  4:42  Pylon  
  48  4:46  Probe (Chrono Boost), Protoss Ground Weapons Level 1  
  48  4:48  Stalker  
  48  4:49  Stalker  
  51  4:55  Protoss Ground Armor Level 1  
  51  5:09  Sentry  
  53  5:24  Robotics Facility  
  53  5:27  Probe (Chrono Boost)  
  53  5:28  Probe (Chrono Boost)  
  55  5:30  Dark Shrine  
  55  5:35  Adept x3  
  57  5:40  Probe x2 (Chrono Boost)  
  63  5:52  Probe x2 (Chrono Boost)  
  65  6:04  Probe x2 (Chrono Boost)  
  67  6:06  Adept x2  
  67  6:07  Adept  
  73  6:12  Gateway  
  73  6:13  Gateway  
  73  6:14  Warp Prism  
  75  6:23  Pylon  
  75  6:26  Pylon  
  75  6:27  Charge  
  75  6:36  Zealot  
  77  6:42  Protoss Ground Weapons Level 2  
  77  6:43  Pylon  
  77  6:44  Protoss Ground Armor Level 2  
  77  6:46  Pylon  
  77  6:49  Immortal  
  81  6:59  Probe x2 (Chrono Boost)  
  83  7:08  Adept x2  
  87  7:10  Gateway  
  87  7:12  Adept  
  87  7:13  Adept  
  91  7:17  Zealot  
  91  7:22  Probe x2 (Chrono Boost)  
  95  7:30  Immortal  
  99  7:48  Dark Templar x4  
  107  8:09  Observer  
  108  8:16  Pylon  
  108  8:18  Pylon  
  108  8:19  Nexus  
  108  8:22  Probe x2 (Chrono Boost)  
  110  8:33  Archon  
  110  8:34  Archon  
  110  8:38  Immortal  
  114  8:42  Protoss Ground Weapons Level 3  
  114  8:44  Dark Templar x4  
  114  8:48  Archon x2  
  122  9:22  Adept x2  
  126  9:30  Assimilator  
  126  9:32  Assimilator  
  126  9:35  Gateway, Zealot x3  
  126  9:36  Zealot  
  126  9:37  Gateway  
  134  9:41  Immortal  
  134  9:42  Gateway  
  134  9:44  Protoss Shields Level 1  
  138  9:49  Probe (Chrono Boost)  
  138  9:51  Probe x2 (Chrono Boost)  
  141  9:54  Pylon  
  141  9:55  Pylon  
  141  10:10  Pylon  
  141  10:12  Probe (Chrono Boost)  
  141  10:13  Probe x2 (Chrono Boost)  
  144  10:15  Pylon  
  144  10:16  Pylon  
  144  10:17  Pylon  
  144  10:20  Pylon  
  144  10:31  Photon Cannon  
  144  10:41  Photon Cannon  
  144  10:44  Photon Cannon  
  144  10:46  Pylon  
  144  10:49  Zealot x2  
  148  10:53  Photon Cannon  
  148  11:02  Dark Templar x3  
  148  11:03  Dark Templar  
  156  11:06  Probe (Chrono Boost)  
  156  11:08  Probe x2 (Chrono Boost)  
  159  11:23  Protoss Ground Armor Level 3  
  159  11:30  Protoss Shields Level 2  
  148  11:46  Zealot  
  150  11:47  Zealot x2  
  150  11:49  Zealot x6  
  166  12:02  Observer  
  167  12:11  Pylon  
  167  12:13  Pylon  
  167  12:18  Adept  
  167  12:19  Adept x6  
  167  12:20  Adept x2  
  185  12:41  Pylon  
  185  12:46  Pylon  
  184  12:56  Gateway  
  184  12:58  Photon Cannon x2  
  184  13:00  Photon Cannon  
  184  13:02  Gateway  
  184  13:04  Pylon  
  184  13:05  Pylon  
  184  13:11  Observer  
  185  13:20  Pylon  
  135  13:52  Dark Templar x5  
  135  13:53  Dark Templar x4  
  153  14:03  Nexus  
  153  14:05  Pylon  
  153  14:06  Assimilator  
  153  14:08  Pylon  
  153  14:11  Archon x4  
  153  14:14  Observer  
  153  14:33  Observer  
  153  14:36  Photon Cannon  
  153  14:37  Gateway  
  154  14:38  Pylon  
  154  14:41  Gateway  
  154  14:44  Photon Cannon  
  154  14:47  Photon Cannon  
  154  14:49  Photon Cannon  
  154  14:51  Observer  
  154  14:54  Photon Cannon  
  108  15:10  Observer  
  87  15:15  Zealot x2  
  87  15:16  Zealot x2  
  87  15:19  Protoss Shields Level 3  
  87  15:20  Zealot x2  
  87  15:21  Zealot x2  
  98  15:40  Blink  
  98  15:45  Sentry x5  
  98  15:46  Sentry x3  
  93  16:14  Stalker x5  
  93  16:15  Stalker  
  94  16:33  Stalker x5  
  94  16:34  Stalker  
  78  16:45  Zealot x4  
  82  16:52  Zealot  
  73  17:05  Dark Templar x2  
  73  17:06  Dark Templar  
  79  17:12  Templar Archives  
  81  17:23  Probe (Chrono Boost)  
  81  17:24  Probe x2 (Chrono Boost)  
  81  17:27  Mothership Core (Chrono Boost)  
  84  17:50  High Templar x3  
  84  17:51  High Templar x4  
  94  17:52  High Templar x3  
  94  17:54  Archon x2  
  94  17:55  Archon x2  
  94  17:56  Archon  
  104  18:08  Assimilator  
  97  18:32  Zealot  
  97  18:33  Zealot x6  
  97  18:34  Zealot x4  
  111  18:47  Pylon  
Tags
 
Add a new tag
Caveats
  • Supply blocks, unpowered buildings, or Contaminate may cause inaccurate times.
  • Supply counts are checked every 10 seconds.